EL
CORPUS CHRISTI HOOKS @ ARKANSAS TRAVELERS
05/19/2048
 
TOP OF THE 1ST
Corpus Christi Hooks batting - Pitching for Arkansas Travelers : RHP Tim Anderson
Pitching: RHP Tim Anderson
Batting: LHB Josh Corkery 0-0: Ball
1-0: Ball
2-0: Called Strike
2-1: Ball
3-1: Foul Ball, location: 2F
3-2: Foul Ball, location: 2F
3-2: Foul Ball, location: 2F
3-2: Foul Ball, location: 2F
3-2: Strikes out looking
Batting: LHB Bob Dietz 0-0: Ball
1-0: Ball
2-0: Ball
3-0: Base on Balls
Batting: RHB Mark Cahill 0-0: Called Strike
0-1: Ball
1-1: Foul Ball, location: 2F
1-2: Foul Ball, location: 2F
1-2: Ball
2-2: Ball
3-2: Foul Ball, location: 2F
3-2: Ground out 4-3 (Groundball, 34S, EV 84.4 MPH)
Bob Dietz to second
Batting: RHB Bruce Bermudez 0-0: Ball
1-0: Ball
2-0: Fly out, F9 (Flyball, 89S, EV 84.4 MPH)
Top of the 1st over - 0 runs, 0 hits, 0 errors, 1 left on base; Corpus Christi 0 - Arkansas 0
BOTTOM OF THE 1ST
Arkansas Travelers batting - Pitching for Corpus Christi Hooks : RHP Michael Bruce
Pitching: RHP Michael Bruce
Batting: RHB Jose Ramirez 0-0: Ball
1-0: Ball
2-0: Ball
3-0: Called Strike
3-1: Called Strike
3-2: Fly out, F2 (Popup, 2LF, EV 88.1 MPH)
Batting: RHB Juan Montez 0-0: Ball
1-0: Ball
2-0: Called Strike
2-1: Foul Ball, location: 2F
2-2: Strikes out swinging
Batting: LHB Mark Reeg 0-0: Ball
1-0: Foul Ball, location: 2F
1-1: Called Strike
1-2: Foul Ball, location: 2F
1-2: Fly out, F9 (Flyball, 9LS, EV 93.1 MPH)
Bottom of the 1st over - 0 runs, 0 hits, 0 errors, 0 left on base; Corpus Christi 0 - Arkansas 0
TOP OF THE 2ND
Corpus Christi Hooks batting - Pitching for Arkansas Travelers : RHP Tim Anderson
Batting: LHB Mark Dearth 0-0: Ball
1-0: Ball
2-0: SINGLE (Line Drive, 4D, EV 106.2 MPH)
Batting: RHB Workneh Lagat 0-0: Foul Ball, location: 2F
0-1: Ball
1-1: Ball
2-1: Foul Ball, location: 2F
2-2: Strikes out looking
Batting: RHB Masaru Konno 0-0: Called Strike
0-1: Swinging Strike
0-2: SINGLE (Flyball, 89S, EV 95.6 MPH)
Mark Dearth to second
Runner from 2nd tries for 3rd, SAFE, throw by RF made to third
Batting: LHB John Wagner 0-0: Called Strike
Masaru Konno is caught stealing 2nd base 2-6
0-1: Called Strike
0-2: Foul Ball, location: 2F
0-2: Ball
1-2: Strikes out looking
Top of the 2nd over - 0 runs, 2 hits, 0 errors, 1 left on base; Corpus Christi 0 - Arkansas 0
BOTTOM OF THE 2ND
Arkansas Travelers batting - Pitching for Corpus Christi Hooks : RHP Michael Bruce
Batting: SHB Mario Padron 0-0: Ball
1-0: Ball
2-0: Called Strike
2-1: Called Strike
2-2: SINGLE (Flyball, 4D, EV 86.9 MPH)
Batting: RHB Ryuji Ito 0-0: Ball
1-0: Ball
2-0: Ball
3-0: Called Strike
3-1: Base on Balls
Mario Padron to second
Batting: LHB Griffin Ferris 0-0: Ball
1-0: Called Strike
1-1: Grounds into double play, 6-4-3 (Groundball, 56, EV 87.5 MPH)
Mario Padron to third
Batting: RHB Jimmy Buzard 0-0: Ball
1-0: Fly out, F1 (Line Drive, P, EV 76.2 MPH)
Bottom of the 2nd over - 0 runs, 1 hit, 0 errors, 1 left on base; Corpus Christi 0 - Arkansas 0
TOP OF THE 3RD
Corpus Christi Hooks batting - Pitching for Arkansas Travelers : RHP Tim Anderson
Batting: RHB Ben Minge 0-0: Fly out, F6 (Line Drive, 56, EV 71.2 MPH)
Batting: LHB Josh Corkery 0-0: Ball
1-0: Fly out, F8 (Flyball, 78D, EV 94.4 MPH)
Batting: LHB Bob Dietz 0-0: Ball
1-0: Ground out 6-3 (Groundball, 6M, EV 82.5 MPH)
Top of the 3rd over - 0 runs, 0 hits, 0 errors, 0 left on base; Corpus Christi 0 - Arkansas 0
BOTTOM OF THE 3RD
Arkansas Travelers batting - Pitching for Corpus Christi Hooks : RHP Michael Bruce
Batting: RHB Juan Martinez 0-0: Called Strike
0-1: Swinging Strike
0-2: Ball
1-2: Foul Ball, location: 2F
1-2: Strikes out swinging
Batting: RHB Timoleon Tsikouna 0-0: Called Strike
0-1: Ball
1-1: Swinging Strike
1-2: Hit by Pitch
Batting: RHB Jose Ramirez 0-0: Called Strike
0-1: Ball
1-1: Fly out, F7 (Line Drive, 7, EV 107.5 MPH)
Batting: RHB Juan Montez 0-0: Ball
Timoleon Tsikouna steals 2nd base
1-0: Foul Ball, location: 2F
1-1: Called Strike
1-2: Strikes out looking
Bottom of the 3rd over - 0 runs, 0 hits, 0 errors, 1 left on base; Corpus Christi 0 - Arkansas 0
TOP OF THE 4TH
Corpus Christi Hooks batting - Pitching for Arkansas Travelers : RHP Tim Anderson
Batting: RHB Mark Cahill 0-0: DOUBLE (Line Drive, 5D, EV 98.1 MPH)
Batting: RHB Bruce Bermudez 0-0: Called Strike
0-1: DOUBLE (Line Drive, 89D, EV 107.5 MPH)
Mark Cahill scores
Batting: LHB Mark Dearth 0-0: Ball
1-0: Swinging Strike
1-1: Foul Ball, location: 2F
1-2: Ball
2-2: Ball
3-2: Foul Ball, location: 2F
3-2: Foul Ball, location: 2F
3-2: Strikes out swinging
Batting: RHB Workneh Lagat 0-0: Ball
1-0: Ground out 5-3 (Groundball, 5S, EV 72.5 MPH)
Bruce Bermudez to third
Batting: RHB Masaru Konno 0-0: Ball
1-0: Ground out 5-3 (Groundball, 56S, EV 70.0 MPH)
Top of the 4th over - 1 run, 2 hits, 0 errors, 1 left on base; Corpus Christi 1 - Arkansas 0
BOTTOM OF THE 4TH
Arkansas Travelers batting - Pitching for Corpus Christi Hooks : RHP Michael Bruce
Batting: LHB Mark Reeg 0-0: Called Strike
0-1: Ball
1-1: Foul Ball, location: 2F
1-2: Foul Ball, location: 2F
1-2: Foul Ball, location: 2F
1-2: Foul Ball, location: 2F
1-2: Ball
2-2: SINGLE (Groundball, 6D, EV 98.8 MPH)
Batting: SHB Mario Padron 0-0: Ball
1-0: Called Strike
Mark Reeg steals 2nd base
1-1: Called Strike
1-2: Foul Ball, location: 2F
1-2: Strikes out swinging
Batting: RHB Ryuji Ito 0-0: Ball
1-0: Ground out U3 (Groundball, 34S, EV 80.6 MPH)
Mark Reeg to third
Batting: LHB Griffin Ferris 0-0: Ground out 4-3 (Groundball, 4, EV 81.2 MPH)
Bottom of the 4th over - 0 runs, 1 hit, 0 errors, 1 left on base; Corpus Christi 1 - Arkansas 0
TOP OF THE 5TH
Corpus Christi Hooks batting - Pitching for Arkansas Travelers : RHP Tim Anderson
Batting: LHB John Wagner 0-0: Called Strike
0-1: Ball
1-1: Foul Ball, location: 2F
1-2: Ball
2-2: Foul Ball, location: 2F
2-2: Foul Ball, location: 2F
2-2: Foul Ball, location: 2F
2-2: DOUBLE (Flyball, 8RXD, EV 98.1 MPH)
Batting: RHB Ben Minge 0-0: Ball
1-0: Called Strike
1-1: Called Strike
1-2: Strikes out looking
Batting: LHB Josh Corkery 0-0: Foul Ball, location: 2F
0-1: Fly out, F9 (Flyball, 9, EV 90.0 MPH)
Batting: LHB Bob Dietz 0-0: Called Strike
0-1: Ball
1-1: Ball
2-1: Ball
3-1: Fly out, F7 (Line Drive, 7, EV 98.8 MPH)
Top of the 5th over - 0 runs, 1 hit, 0 errors, 1 left on base; Corpus Christi 1 - Arkansas 0
BOTTOM OF THE 5TH
Arkansas Travelers batting - Pitching for Corpus Christi Hooks : RHP Michael Bruce
Batting: RHB Jimmy Buzard 0-0: Ball
1-0: Ball
2-0: Fly out, F6 (Popup, P, EV 88.8 MPH)
Batting: RHB Juan Martinez 0-0: Called Strike
0-1: Ground out 6-3 (Groundball, 6S, EV 86.9 MPH)
Batting: RHB Timoleon Tsikouna 0-0: Foul Ball, location: 2F
0-1: Ball
1-1: Ball
2-1: Ball
3-1: Foul Ball, location: 2F
3-2: Strikes out swinging
Bottom of the 5th over - 0 runs, 0 hits, 0 errors, 0 left on base; Corpus Christi 1 - Arkansas 0
TOP OF THE 6TH
Corpus Christi Hooks batting - Pitching for Arkansas Travelers : RHP Tim Anderson
Batting: RHB Mark Cahill 0-0: Foul Ball, location: 2F
0-1: Called Strike
0-2: Foul Ball, location: 2F
0-2: Strikes out swinging
Batting: RHB Bruce Bermudez 0-0: Swinging Strike
0-1: Foul Ball, location: 2F
0-2: Ball
1-2: Strikes out swinging
Batting: LHB Mark Dearth 0-0: Foul Ball, location: 2F
0-1: Ball
1-1: Swinging Strike
1-2: Strikes out looking
Top of the 6th over - 0 runs, 0 hits, 0 errors, 0 left on base; Corpus Christi 1 - Arkansas 0
BOTTOM OF THE 6TH
Arkansas Travelers batting - Pitching for Corpus Christi Hooks : RHP Michael Bruce
Batting: RHB Jose Ramirez 0-0: Called Strike
0-1: Swinging Strike
0-2: Ground out 6-3 (Groundball, 6M, EV 87.5 MPH)
Batting: RHB Juan Montez 0-0: Ball
1-0: Ball
2-0: Fly out, F9 (Flyball, 89M, EV 86.9 MPH)
Batting: LHB Mark Reeg 0-0: Ball
1-0: SINGLE (Line Drive, 89S, EV 105.6 MPH)
Batting: SHB Mario Padron 0-0: Called Strike
0-1: Foul Ball, location: 2F
0-2: Strikes out swinging
Bottom of the 6th over - 0 runs, 1 hit, 0 errors, 1 left on base; Corpus Christi 1 - Arkansas 0
TOP OF THE 7TH
Corpus Christi Hooks batting - Pitching for Arkansas Travelers : RHP Tim Anderson
Batting: RHB Workneh Lagat 0-0: Called Strike
0-1: Foul Ball, location: 2F
0-2: Ground out 6-3 (Groundball, 6, EV 100.0 MPH)
Batting: LHB Chris Cabrera 0-0: Ball
1-0: Called Strike
1-1: SOLO HOME RUN (Line Drive, 9D, EV 99.4 MPH), Distance : 397 ft
Batting: LHB John Wagner 0-0: Called Strike
0-1: Ball
1-1: Ball
2-1: Ball
3-1: Ground out 4-3 (Groundball, 4, EV 88.1 MPH)
Batting: RHB Ben Minge 0-0: Called Strike
0-1: Ball
1-1: Foul Ball, location: 2F
1-2: Foul Ball, location: 2F
1-2: Strikes out swinging
Top of the 7th over - 1 run, 1 hit, 0 errors, 0 left on base; Corpus Christi 2 - Arkansas 0
BOTTOM OF THE 7TH
Arkansas Travelers batting - Pitching for Corpus Christi Hooks : RHP Michael Bruce
Batting: RHB Ryuji Ito 0-0: SINGLE (Groundball, 25, EV 60.6 MPH) (infield hit)
Batting: LHB Griffin Ferris 0-0: Ball
1-0: Ball
2-0: Ball
3-0: Called Strike
3-1: Fly out, F8 (Flyball, 8LD, EV 88.8 MPH)
Batting: RHB Jimmy Buzard 0-0: Foul Ball, location: 2F
0-1: Swinging Strike
0-2: Ball
1-2: Foul Ball, location: 2F
1-2: Strikes out swinging
Batting: RHB Juan Martinez 0-0: Called Strike
0-1: Called Strike
Ryuji Ito steals 2nd base
0-2: DOUBLE (Line Drive, 9LS, EV 96.2 MPH)
Ryuji Ito scores
Pinch Hitting: LHB Justin Balthazor 0-0: Ball
1-0: Ball
2-0: Ground out U3 (Groundball, 34S, EV 88.1 MPH)
Bottom of the 7th over - 1 run, 2 hits, 0 errors, 1 left on base; Corpus Christi 2 - Arkansas 1
TOP OF THE 8TH
Corpus Christi Hooks batting - Pitching for Arkansas Travelers : RHP Tim Anderson
Pitching: LHP Jose Rivera
Now at 2B: Ryan Pelletier
Now at SS: Jose Ramirez
Batting: LHB Josh Corkery 0-0: Foul Ball, location: 2F
0-1: Swinging Strike
0-2: Fly out, F6 (Line Drive, 6M, EV 69.4 MPH)
Batting: LHB Bob Dietz 0-0: Ball
1-0: Called Strike
1-1: Foul Ball, location: 2F
1-2: Foul Ball, location: 2F
1-2: Strikes out swinging
Pitching: LHP Bryan Payne
Batting: RHB Mark Cahill 0-0: Ball
1-0: Swinging Strike
1-1: Ball
2-1: Ball
3-1: Called Strike
3-2: Strikes out swinging
Top of the 8th over - 0 runs, 0 hits, 0 errors, 0 left on base; Corpus Christi 2 - Arkansas 1
BOTTOM OF THE 8TH
Arkansas Travelers batting - Pitching for Corpus Christi Hooks : RHP Michael Bruce
Pitching: LHP Blaine Whitmore
Batting: RHB Jose Ramirez 0-0: Called Strike
0-1: Ball
1-1: Swinging Strike
1-2: Strikes out swinging
Batting: RHB Juan Montez 0-0: Ball
1-0: Ground out 5-3 (Groundball, 5S, EV 80.0 MPH)
Batting: LHB Mark Reeg 0-0: Called Strike
0-1: Ball
1-1: Called Strike
1-2: Ball
2-2: Ball
3-2: Foul Ball, location: 2F
3-2: Reached on error, E3 (Groundball, 3, EV 90.6 MPH)
Pitching: RHP Elroy Meulenkamp
Batting: SHB Mario Padron 0-0: Ground out 4-3 (Groundball, 34S, EV 85.0 MPH)
Bottom of the 8th over - 0 runs, 0 hits, 1 error, 1 left on base; Corpus Christi 2 - Arkansas 1
TOP OF THE 9TH
Corpus Christi Hooks batting - Pitching for Arkansas Travelers : LHP Bryan Payne
Pitching: LHP Kyle Worford
Batting: RHB Bruce Bermudez 0-0: Called Strike
0-1: Ball
1-1: Foul Ball, location: 2F
1-2: Foul Ball, location: 2F
1-2: SINGLE (Groundball, 34D, EV 106.9 MPH)
Batting: LHB Mark Dearth 0-0: Ball
1-0: Fly out, F9 (Flyball, 9LM, EV 80.6 MPH)
Batting: RHB Workneh Lagat 0-0: Ball
Bruce Bermudez is caught stealing 2nd base 2-4
1-0: Swinging Strike
1-1: Foul Ball, location: 2F
1-2: Ball
2-2: Strikes out swinging
Top of the 9th over - 0 runs, 1 hit, 0 errors, 0 left on base; Corpus Christi 2 - Arkansas 1
BOTTOM OF THE 9TH
Arkansas Travelers batting - Pitching for Corpus Christi Hooks : RHP Elroy Meulenkamp
Pitching: RHP Gerardo Huerta
Now in RF: Kelvin Jones
Batting: RHB Ryuji Ito 0-0: Ball
1-0: Swinging Strike
1-1: Swinging Strike
1-2: Ball
2-2: Strikes out swinging
Batting: LHB Griffin Ferris 0-0: Called Strike
0-1: Ball
1-1: Called Strike
1-2: Fly out, F8 (Flyball, 8RS, EV 98.1 MPH)
Batting: RHB Jimmy Buzard 0-0: Called Strike
0-1: Ball
1-1: Ball
2-1: SINGLE (Line Drive, 78D, EV 106.2 MPH)
Batting: RHB Juan Martinez 0-0: Swinging Strike
0-1: Fly out, F8 (Line Drive, 8LD, EV 91.9 MPH)
Bottom of the 9th over - 0 runs, 1 hit, 0 errors, 1 left on base; Corpus Christi 2 - Arkansas 1
Tuesday, March 28th , 2023 - OOTP Baseball 23.10 Build 110